 Dungeon Crawl Stone Soup version 0.21.1-1-g345015fe64 (webtiles) character file.

3016 starmelt the Spear-Bearer (level 9, 0/61 HPs)
             Began as a Merfolk Gladiator on July 29, 2018.
             Was a Priest of Okawaru.
             Slain by a slave (7 damage)
             ... led by Pikel
             ... on level 8 of the Dungeon.
             The game lasted 00:17:20 (7405 turns).

starmelt the Spear-Bearer (Merfolk Gladiator)       Turns: 7405, Time: 00:17:20

Health: 0/61       AC:  2    Str: 15    XL:     9   Next: 85%
Magic:  18/18      EV: 18    Int: 11    God:    Okawaru [***...]
Gold:   420        SH:  0    Dex: 18    Spells: 8/8 levels left

rFire    . . .     SeeInvis +   L - +3 scythe of Olyzi {freeze, +Blink rPois MR+ Int+4}
rCold    . . .     Gourm    .   (shield currently unavailable)
rNeg     . . .     Faith    .   b - +0 leather armour
rPois    +         Spirit   .   I - +2 hat
rElec    .         Reflect  .   (no cloak)
rCorr    .         Harm     .   (no gloves)
MR       +....                  m - +0 pair of boots
Stlth    +++.......             (no amulet)
HPRegen  0.20/turn              x - ring of magical power
MPRegen  0.16/turn              i - ring of see invisible

@: corroded
A: change form in water, swift swim, stealthy swim
a: Heroism, Renounce Religion, Evoke Blink


You were on level 8 of the Dungeon.
You worshipped Okawaru.
Okawaru was most pleased with you.
You were not hungry.

You visited 2 branches of the dungeon, and saw 9 of its levels.

You collected 420 gold pieces.

Inventory:

Hand Weapons
 a - a +0 trident
 w - the +8 dagger of Fusted {freeze, rPois rF+ Str-2 SInv, unknown}
   (You found it on level 5 of the Dungeon)

   It has been specially enchanted to freeze those struck by it, causing extra
   injury to most foes and up to half again as much damage against particularly
   susceptible opponents.
   It can also slow down cold-blooded creatures.
   It affects your strength (-2).
   It protects you from fire.
   It protects you from poison.
   It lets you see invisible.
 L - the +3 scythe of Olyzi (weapon) {freeze, +Blink rPois MR+ Int+4}
   (You found it on level 7 of the Dungeon)

   It has been specially enchanted to freeze those struck by it, causing extra
   injury to most foes and up to half again as much damage against particularly
   susceptible opponents.
   It can also slow down cold-blooded creatures.
   It affects your intelligence (+4).
   It protects you from poison.
   It affects your resistance to hostile enchantments.
   It lets you blink.
Missiles
 d - 4 throwing nets
 F - 8 exploding tomahawks (quivered)
Armour
 b - a +0 leather armour (worn)
 m - a +0 pair of boots (worn)
 I - a +2 hat (worn)
 J - a +0 buckler
Jewellery
 g - an uncursed ring of poison resistance
 i - a ring of see invisible (right hand)
 x - a ring of magical power (left hand)
Wands
 t - a wand of enslavement (9)
 v - a wand of iceblast (9)
 y - a wand of flame (22)
 D - a wand of paralysis (8)
 K - a wand of random effects (25)
Scrolls
 h - 4 scrolls of teleportation
 j - 3 scrolls of enchant armour {unknown}
 k - 4 scrolls of enchant weapon {unknown}
 l - 3 scrolls of noise {unknown}
 n - 3 scrolls of amnesia {unknown}
 o - a scroll of fear {unknown}
 r - 6 scrolls of identify
 u - 2 scrolls of magic mapping {unknown}
 C - a scroll of brand weapon {unknown}
 G - a scroll of blinking {unknown}
 H - 2 scrolls of remove curse {unknown}
 N - a scroll of immolation {unknown}
Potions
 e - a potion of magic
 p - a potion of curing
 q - 4 potions of flight
 s - a potion of agility
 z - a potion of might {unknown}
 A - a potion of cancellation {unknown}
 E - a potion of berserk rage {unknown}
 O - a potion of lignification {unknown}
Books
 c - a book of Necromancy

   Spells                             Type                      Level
   a - Pain                           Necromancy                   1
   b - Animate Skeleton               Necromancy                   1
   c - Vampiric Draining              Necromancy                   3
   d - Regeneration                   Charms/Necromancy            3
   e - Animate Dead                   Necromancy                   4
   f - Borgnjor's Vile Clutch         Necromancy/Earth             5
 B - a book of Necromancy

   Spells                             Type                      Level
   a - Pain                           Necromancy                   1
   b - Animate Skeleton               Necromancy                   1
   c - Vampiric Draining              Necromancy                   3
   d - Regeneration                   Charms/Necromancy            3
   e - Animate Dead                   Necromancy                   4
   f - Borgnjor's Vile Clutch         Necromancy/Earth             5
Comestibles
 f - 19 rations
 M - 3 chunks of flesh


   Skills:
 - Level 2.1 Fighting
 + Level 14.5 Polearms
 + Level 2.0 Throwing
 + Level 8.7 Dodging
 + Level 6.8 Stealth
 + Level 1.0 Shields
 + Level 0.5 Invocations


You had 8 spell levels left.
You didn't know any spells.

Dungeon Overview and Level Annotations

Branches:
Dungeon (8/15)             Temple (1/1) D:4
   Lair: D:8-11

Altars:
Ashenzari
Cheibriados
Dithmenos
Elyvilon
Fedhas
Gozag
Hepliaklqana
Kikubaaqudgha
Makhleb
Nemelex Xobeh
Okawaru
Qazlal
Ru
Sif Muna
Trog
Uskayaw
Vehumet
Wu Jian
Xom
Yredelemnul
Zin
The Shining One

Annotations:
D:8 2 transporters, Erica, Pikel


Message History

That beam is likely to hit you.
Continue anyway?
Okay, then.
Evoke which item? (* to show all) (? for menu, Esc to quit)
Aiming: Throw Flame
Press: ? - help, Shift-Dir - straight line, f - Erica, p - Pikel
Aim: Erica, wielding a scimitar of flaming, wearing a runed robe and carrying a wand of acid (7) (slightly transparent)
The puff of flame hits the slave.
The slave is lightly wounded.
The slave shouts!
The slave completely misses you.
You fail to use your ability.
The slave hits you. Erica closely misses you.
You hit Erica. You freeze Erica.
Erica is lightly wounded.
The slave completely misses you. Pikel misses you.
Erica hits you with a scimitar of flaming!
* * * LOW HITPOINT WARNING * * *
Erica burns you.
* * * LOW HITPOINT WARNING * * *
The slave hits you!
You die...

..........##
#..#
...........#
#..######
...........#
#.......##
...........#
#.........
...........#
#.........
..........##
#.........
.........##
#.........
.........#
#.........
.......###
#.@K......
.#######
#.@pp..... ..##
#..#p......
#..###### #..
..p....
........## #..
#......
.........## #..
......
............ ...
#.....
................
#....
............


You could see Erica (invisible), Pikel and 4 slaves.

Vanquished Creatures
  A hippogriff (D:7)
  Sigmund (D:7)
  The ghost of HenkB the Shooter, an amateur CeHu (D:3)
  Edmund (D:7)
  An ice beast (D:6)
  3 sky beasts
  An orc warrior (D:8)
  4 phantoms
  A necrophage (D:6)
  3 ogres
  A centaur (D:7)
  4 bullfrogs
  2 scorpions (D:5)
  A killer bee (D:7)
  2 howler monkeys (D:7)
  A crimson imp (D:8)
  A bullfrog zombie (D:5)
  4 hounds
  2 orc wizards (D:7)
  4 iguanas
  A worker ant (D:8)
  A hound skeleton (D:5)
  A howler monkey zombie (D:6)
  10 adders
  4 gnolls (D:4)
  2 worker ant zombies
  4 shadow imps
  2 oozes
  2 adder skeletons (D:6)
  4 worms
  4 dart slugs
  5 leopard geckos
  15 orcs
  8 bats
  6 giant cockroaches
  5 hobgoblins
  10 jackals
  3 quokkas
  4 frilled lizards
  7 goblins
  2 jackal skeletons
  4 kobolds (D:1)
  2 leopard gecko skeletons (D:6)
  7 rats
152 creatures vanquished.

Notes
Turn   | Place    | Note
-------+----------+-------------------------------------------
     0 | D:1      | starmelt the Merfolk Gladiator began the quest for the Orb.
     0 | D:1      | Reached XP level 1. HP: 16/16 MP: 1/1
   123 | D:1      | Reached skill level 5 in Polearms
   145 | D:1      | You fall through a shaft!
   161 | D:2      | Reached XP level 2. HP: 19/22 MP: 2/2
   231 | D:2      | Reached skill level 6 in Polearms
   231 | D:2      | Reached XP level 3. HP: 15/27 MP: 3/3
  1344 | D:2      | Reached XP level 4. HP: 31/33 MP: 4/4
  1389 | D:2      | Reached skill level 7 in Polearms
  1751 | D:3      | Noticed HenkB's ghost (amateur CeHu)
  1830 | D:3      | Killed HenkB's ghost
  1830 | D:3      | Reached skill level 9 in Polearms
  1830 | D:3      | Reached XP level 5. HP: 20/38 MP: 5/5
  1830 | D:3      | Reached XP level 6. HP: 24/44 MP: 6/6
  2530 | D:4      | Found a staircase to the Ecumenical Temple.
  2537 | Temple   | Entered the Ecumenical Temple
  2607 | Temple   | Became a worshipper of Warmaster Okawaru
  2797 | D:4      | Reached skill level 10 in Polearms
  3319 | D:5      | Entered Level 5 of the Dungeon
  3354 | D:5      | Got a bone dagger
  3419 | D:5      | Reached skill level 1 in Stealth
  3419 | D:5      | Reached XP level 7. HP: 50/50 MP: 7/7
  3608 | D:5      | Reached skill level 5 in Dodging
  3879 | D:5      | Reached * piety under Okawaru
  3879 | D:5      | Reached skill level 11 in Polearms
  4202 | D:6      | Reached XP level 8. HP: 23/56 MP: 5/8
  4330 | D:6      | Found a shimmering altar of Xom.
  4366 | D:6      | Reached skill level 12 in Polearms
  5054 | D:6      | Reached ** piety under Okawaru
  5054 | D:6      | Reached skill level 13 in Polearms
  5933 | D:7      | Reached XP level 9. HP: 59/59 MP: 9/9
  6063 | D:7      | Reached skill level 14 in Polearms
  6084 | D:7      | Reached skill level 5 in Stealth
  6788 | D:7      | Reached *** piety under Okawaru
  6989 | D:7      | Noticed Edmund
  7003 | D:7      | Killed Edmund
  7010 | D:7      | Got a translucent scythe
  7016 | D:7      | Identified the +3 scythe of Olyzi {freeze, +Blink rPois MR+ Int+4} (You found it on level 7 of the Dungeon)
  7087 | D:7      | Noticed Sigmund
  7091 | D:7      | Killed Sigmund
  7270 | D:8      | Reached skill level 1 in Shields
  7345 | D:8      | Found a transporter.
  7346 | D:8      | Noticed a centaur warrior
  7349 | D:8      | Found a transporter.
  7350 | D:8      | Noticed a yaktaur
  7352 | D:8      | Found a stormy altar of Qazlal.
  7398 | D:8      | Noticed Erica
  7400 | D:8      | Noticed Pikel
  7405 | D:8      | Slain by a slave

Skill      XL: |  1  2  3  4  5  6  7  8  9 |
---------------+----------------------------+-----
Polearms       | 5 6 9 10 11 13 14 | 14.5
Stealth        | 1 2 4 6 |  6.8
Dodging        | 5 6 8 |  8.7
Shields        | 1 |  1.0
Fighting       | |  2.1
Throwing       | |  2.0
Invocations    | |  0.5

Action                   |  1- 3 |  4- 6 |  7- 9 || total
-------------------------+-------+-------+-------++-------
Melee: Trident           |   117 |   192 |   399 ||   708
       Punch             |       |       |     1 ||     1
       Scythe            |       |       |    44 ||    44
Throw: Throwing net      |       |       |     1 ||     1
Invok: Heroism           |       |       |     5 ||     5
Evoke: Wand              |       |       |     1 ||     1
  Use: Scroll            |       |       |     5 ||     5
       Potion            |       |       |     2 ||     2
 Stab: Sleeping          |     1 |     3 |    17 ||    21
  Eat: Chunk             |     1 |     7 |    10 ||    18
       Ration            |       |       |     1 ||     1
Armor: Leather armour    |    17 |    43 |    47 ||   107
Dodge: Dodged            |    81 |   111 |   233 ||   425
Block: Buckler           |       |       |     5 ||     5
